Map: Ruins of Endion

Players

Miszu - Winner!

  • Race: Protoss Protoss
  • League: Master

TheHeatBeech

  • Race: Terran Terran
  • League: Master

VOD

Have the link to the VOD?

Description

Time

  • Played on: April 3, 2016, 8:15 a.m.
  • Length: 20:49
Show
View Real Time Build Order
Export as new Build Order

Miszu Protoss - Winner!

Build Orders:  

Get SALT Encoding   

  12  0:01  Probe (Chrono Boost)  
  13  0:11  Probe (Chrono Boost)  
  14  0:18  Pylon  
  14  0:22  Probe (Chrono Boost)  
  15  0:36  Probe (Chrono Boost)  
  15  0:37  Gateway  
  16  0:46  Probe (Chrono Boost)  
  16  0:48  Assimilator  
  17  0:57  Probe (Chrono Boost)  
  18  1:04  Pylon  
  18  1:08  Probe (Chrono Boost)  
  19  1:18  Probe (Chrono Boost)  
  20  1:25  Cybernetics Core  
  20  1:29  Probe (Chrono Boost)  
  24  1:46  Nexus  
  21  1:56  Assimilator  
  21  2:02  Mothership Core (Chrono Boost)  
  21  2:04  Adept  
  25  2:17  Warp Gate  
  25  2:22  Pylon  
  25  2:23  Probe (Chrono Boost)  
  26  2:31  Adept  
  26  2:36  Probe (Chrono Boost)  
  29  2:46  Probe (Chrono Boost)  
  30  2:57  Probe (Chrono Boost)  
  31  3:00  Probe (Chrono Boost)  
  32  3:07  Probe (Chrono Boost)  
  32  3:10  Probe (Chrono Boost)  
  34  3:18  Probe (Chrono Boost)  
  35  3:21  Probe (Chrono Boost)  
  36  3:28  Robotics Facility, Probe (Chrono Boost)  
  36  3:32  Probe (Chrono Boost)  
  38  3:39  Probe (Chrono Boost)  
  39  3:42  Probe (Chrono Boost)  
  40  3:50  Probe (Chrono Boost)  
  40  3:53  Probe (Chrono Boost)  
  42  4:00  Probe (Chrono Boost)  
  42  4:01  Gateway  
  42  4:02  Gateway  
  43  4:05  Nexus  
  43  4:09  Probe (Chrono Boost)  
  44  4:13  Pylon  
  44  4:19  Observer (Chrono Boost)  
  44  4:22  Twilight Council, Probe (Chrono Boost)  
  44  4:24  Probe (Chrono Boost)  
  47  4:25  Pylon, Assimilator  
  47  4:27  Assimilator  
  47  4:33  Probe x2 (Chrono Boost)  
  49  4:40  Observer (Chrono Boost)  
  49  4:41  Pylon  
  49  4:43  Probe  
  49  4:45  Probe  
  52  4:54  Probe  
  52  4:57  Probe  
  52  4:59  Observer (Chrono Boost)  
  55  5:04  Probe  
  56  5:09  Forge, Probe  
  56  5:11  Forge  
  56  5:12  Resonating Glaives  
  57  5:15  Probe  
  57  5:16  Probe  
  57  5:17  Pylon  
  55  5:21  Probe  
  55  5:25  Probe  
  55  5:26  Adept x2, Probe  
  55  5:27  Adept  
  60  5:34  Probe  
  61  5:40  Probe  
  61  5:42  Pylon  
  62  5:43  Probe  
  62  5:45  Photon Cannon  
  62  5:46  Probe  
  64  5:51  Probe  
  65  6:04  Immortal (Chrono Boost)  
  65  6:05  Sentry x2  
  65  6:08  Probe  
  65  6:10  Probe  
  74  6:14  Protoss Ground Armor Level 1 (Chrono Boost)  
  74  6:15  Protoss Ground Weapons Level 1 (Chrono Boost)  
  74  6:17  Probe  
  76  6:20  Probe  
  76  6:24  Probe  
  78  6:29  Gateway  
  78  6:30  Gateway  
  78  6:35  Gateway, Immortal  
  78  6:37  Probe x3  
  81  6:42  Sentry, Gateway  
  87  6:47  Pylon  
  87  6:53  Blink  
  87  6:56  Pylon  
  87  6:58  Pylon, Stalker  
  87  7:00  Stalker  
  91  7:09  Pylon  
  91  7:10  Immortal  
  95  7:19  Photon Cannon  
  95  7:21  Photon Cannon  
  95  7:24  Adept x3  
  93  7:33  Adept x2  
  95  7:46  Immortal  
  95  7:49  Photon Cannon  
  95  7:50  Probe x2  
  99  7:58  Adept x3  
  103  8:01  Probe  
  103  8:02  Probe x2  
  106  8:08  Protoss Ground Weapons Level 2 (Chrono Boost)  
  106  8:11  Protoss Ground Armor Level 2 (Chrono Boost)  
  106  8:20  Adept x4  
  106  8:24  Assimilator  
  106  8:25  Assimilator  
  114  8:30  Templar Archives  
  114  8:31  Pylon  
  113  8:34  Warp Prism  
  115  8:42  Robotics Facility  
  115  8:50  Stalker x3  
  111  9:08  Stalker  
  111  9:09  High Templar x3  
  119  9:14  Archon  
  118  9:19  Gateway  
  118  9:20  Gateway  
  118  9:21  Gateway  
  118  9:23  Gateway  
  118  9:28  Adept x2  
  118  9:29  Adept  
  124  9:40  Probe x2  
  124  9:41  Probe  
  127  9:47  Zealot  
  127  9:48  Zealot x2  
  127  9:49  Zealot  
  127  9:52  Probe  
  134  9:53  Probe x2  
  134  9:59  Pylon  
  136  10:02  Psionic Storm  
  136  10:17  Nexus  
  136  10:20  Zealot x3  
  136  10:21  Zealot x4  
  146  10:38  Adept x4  
  146  10:42  Charge  
  146  10:45  Stalker x2  
  146  10:46  Stalker  
  146  10:47  Warp Prism  
  142  10:52  Observer  
  131  10:57  Stalker  
  129  11:12  Probe x3  
  132  11:20  Stargate  
  132  11:21  High Templar x2  
  132  11:24  High Templar x2, Probe  
  132  11:25  High Templar  
  143  11:26  Warp Prism  
  143  11:28  Probe  
  143  11:32  Observer  
  147  11:35  Probe  
  147  11:36  Probe  
  147  11:37  Probe  
  150  11:40  Probe  
  150  11:46  Probe  
  151  11:47  Pylon  
  151  11:48  Probe  
  151  11:49  Probe  
  151  11:52  Stargate  
  151  11:53  Probe  
  155  11:56  Probe  
  155  11:59  Zealot  
  155  12:00  Probe, Zealot x2  
  163  12:11  Pylon  
  139  12:34  Adept x2  
  139  12:35  Adept x2, Zealot x4  
  139  12:36  Zealot x3  
  124  13:04  Stalker, Zealot x4  
  124  13:05  Zealot x5  
  138  13:25  Stalker x3  
  138  13:26  Stalker, Zealot x5  
  138  13:37  Void Ray x2  
  138  13:38  Probe x2  
  148  13:52  Forge, Pylon  
  148  13:54  Forge  
  148  13:56  High Templar, Assimilator x2  
  148  13:58  High Templar  
  148  13:59  Pylon  
  152  14:10  High Templar  
  152  14:11  High Templar  
  152  14:12  High Templar x2  
  160  14:19  Void Ray  
  160  14:20  Void Ray  
  160  14:22  Archon  
  160  14:23  Zealot  
  160  14:24  Zealot x3  
  174  14:28  Probe  
  174  14:31  Probe  
  178  14:41  Probe  
  179  14:52  Zealot  
  179  14:57  Pylon  
  179  14:58  Pylon x2  
  179  14:59  Pylon  
  163  15:12  Zealot x7  
  163  15:13  Zealot x3  
  131  15:33  Zealot x4  
  131  15:35  Zealot x3  
  143  15:42  High Templar x5  
  139  15:49  Zealot x3  
  145  15:54  Archon  
  145  15:56  High Templar  
  145  16:02  High Templar  
  139  16:23  Twilight Council  
  139  16:26  Stalker, Zealot x3  
  139  16:27  Stalker x4  
  139  16:28  Robotics Facility  
  139  16:30  Robotics Facility  
  139  16:31  Nexus  
  155  16:32  Pylon  
  153  16:54  Zealot x4  
  153  16:55  Zealot x3  
  117  17:27  Immortal x2  
  117  17:28  High Templar  
  117  17:29  High Templar x3  
  115  17:38  Zealot  
  115  17:39  Zealot x5  
  126  17:46  Void Ray x2  
  126  18:05  Zealot x5  
  134  18:06  Warp Prism x2  
  132  18:31  Probe x5  
  132  18:32  Pylon  
  137  18:36  Stalker  
  137  18:37  High Templar x3  
  137  18:38  Stalker  
  137  18:39  Zealot x5  
  157  18:41  Probe  
  157  18:42  Observer x2, Probe x3  
  149  19:19  Immortal x2  
  149  19:20  High Templar x3, Zealot x3  
  149  19:21  Zealot x4  
  151  19:57  Archon  
  151  19:58  Archon x2  
  141  20:04  Zealot x5  
  141  20:05  Zealot x5  
  153  20:28  Stalker x3  
  153  20:29  Stalker x6  
  153  20:30  Stalker  
  173  20:41  Nexus  
Show
View Real Time Build Order
Export as new Build Order

TheHeatBeech Terran 

Build Orders: Reaper Expand, MMM Bio 

Get SALT Encoding   

  12  0:01  SCV  
  13  0:13  SCV  
  14  0:18  Supply Depot  
  14  0:25  SCV  
  15  0:39  SCV  
  15  0:42  Barracks  
  16  0:48  Refinery  
  16  0:51  SCV  
  17  1:03  SCV  
  18  1:16  SCV  
  19  1:31  Reaper  
  19  1:32  Orbital Command  
  20  1:41  Command Center  
  20  1:53  Supply Depot  
  20  1:58  SCV  
  21  2:04  Barracks Reactor  
  21  2:15  SCV  
  22  2:25  Factory  
  22  2:29  SCV  
  23  2:33  Refinery  
  23  2:40  Marine  
  23  2:41  Marine  
  23  2:43  SCV  
  26  2:53  Orbital Command  
  26  2:55  SCV  
  27  2:58  Marine x2  
  29  3:07  SCV  
  29  3:13  Widow Mine  
  29  3:16  Marine x2  
  32  3:22  Engineering Bay  
  32  3:23  Starport  
  32  3:33  SCV  
  33  3:34  Marine x2  
  33  3:40  SCV  
  36  3:45  SCV  
  36  3:48  Widow Mine  
  39  3:50  Missile Turret  
  39  3:52  Marine x2  
  39  3:53  SCV  
  41  3:58  Missile Turret  
  41  4:00  SCV  
  42  4:03  Supply Depot, Medivac  
  42  4:06  Bunker  
  44  4:10  SCV  
  44  4:12  SCV  
  46  4:25  SCV x2  
  46  4:27  Supply Depot  
  46  4:29  Widow Mine  
  50  4:37  SCV x2  
  52  4:49  Marine x2, SCV  
  52  4:51  Barracks  
  55  4:54  SCV  
  55  4:55  Barracks  
  55  4:57  Refinery  
  55  4:59  Refinery  
  56  5:01  SCV  
  56  5:02  Factory Tech Lab  
  56  5:04  Starport Reactor  
  56  5:06  SCV  
  58  5:13  SCV  
  59  5:18  SCV  
  60  5:25  SCV  
  60  5:28  Bunker  
  61  5:30  SCV  
  60  5:38  SCV  
  60  5:42  Marine x3  
  61  5:43  Barracks Tech Lab  
  61  5:49  Supply Depot  
  62  5:50  Supply Depot  
  62  5:51  Supply Depot  
  62  5:53  Supply Depot  
  62  6:02  Command Center  
  62  6:08  Barracks Tech Lab, Stimpack  
  62  6:10  Marine x2  
  62  6:11  Marauder, Siege Tank  
  69  6:15  Supply Depot  
  69  6:16  Terran Infantry Weapons Level 1  
  69  6:18  Medivac x2, SCV  
  70  6:20  Engineering Bay  
  70  6:23  SCV  
  75  6:28  Marine x2  
  75  6:30  SCV, Combat Shields  
  75  6:31  Marauder  
  75  6:32  Marine  
  81  6:35  SCV  
  82  6:42  SCV  
  82  6:46  Marine x2  
  88  6:47  Siege Tank  
  88  6:49  Medivac x2  
  88  6:50  Marauder  
  88  6:53  Marauder  
  96  6:57  Terran Infantry Armor Level 1  
  96  7:04  Marine x2  
  98  7:12  Marauder  
  98  7:14  Orbital Command  
  98  7:15  Marauder  
  102  7:20  Supply Depot, Armory  
  102  7:22  Supply Depot  
  102  7:23  Supply Depot, SCV  
  102  7:26  SCV  
  104  7:35  Marine x2, Marauder, SCV  
  104  7:36  Siege Tank, Marauder  
  114  7:38  SCV, Liberator x2  
  107  7:54  Marine x2  
  107  7:56  Marauder  
  107  7:57  Marauder  
  119  8:00  SCV  
  120  8:12  Orbital Command  
  120  8:16  Marine x2  
  120  8:17  Marauder  
  120  8:19  Marauder, Terran Infantry Weapons Level 2  
  124  8:28  Liberator  
  124  8:34  Marine x2  
  124  8:38  Barracks x3  
  124  8:39  Marauder  
  124  8:40  Marauder, Barracks  
  130  8:43  Refinery  
  130  8:44  SCV  
  130  8:45  Refinery, Missile Turret  
  133  8:50  Liberator  
  107  9:11  Marine x2, Marauder x2, Liberator  
  107  9:16  SCV x2  
  115  9:29  Marine x2  
  115  9:31  Barracks Reactor x3, Barracks Tech Lab  
  120  9:32  Marine  
  120  9:33  Marauder  
  122  9:39  Liberator  
  121  9:47  Marine x2  
  121  9:50  Marauder  
  121  9:51  Marine  
  121  9:52  Terran Infantry Armor Level 2  
  126  9:54  Marine, Liberator  
  127  10:05  Marine x2  
  129  10:08  Marine  
  129  10:09  Ghost Academy, Marauder  
  129  10:12  Marauder x2  
  139  10:19  Marine  
  139  10:20  Marine  
  141  10:29  Marine x2  
  141  10:31  Marine  
  141  10:33  Marine  
  141  10:35  Marauder  
  141  10:37  Marine  
  141  10:40  Marauder  
  141  10:43  Marauder  
  141  10:44  Marine x2  
  132  10:51  SCV  
  132  10:52  SCV x2  
  135  10:57  Marauder  
  135  11:00  Marine x2  
  135  11:02  Marauder  
  135  11:04  Marauder  
  135  11:14  Marine x6  
  135  11:18  Marine, Marauder  
  141  11:24  Marine  
  141  11:25  Terran Infantry Weapons Level 3  
  141  11:26  Marauder  
  141  11:28  Missile Turret  
  141  11:30  Missile Turret x2  
  141  11:31  Marine  
  141  11:41  Marine x2  
  141  11:42  Marine x2  
  141  11:44  Command Center  
  141  11:57  Supply Depot  
  141  11:58  Supply Depot  
  141  11:59  Supply Depot  
  141  12:17  Liberator  
  141  12:18  Marine x6, Ghost  
  141  12:19  Marine x2, Ghost  
  141  12:20  Marauder  
  129  12:36  Marine x6  
  130  12:37  Marine x2  
  130  12:40  Ghost  
  133  12:47  Marauder  
  133  12:48  Marauder  
  124  12:54  Marine x6  
  124  12:55  Marine x2  
  128  13:08  Marauder  
  128  13:09  Marauder x2  
  128  13:11  Marine  
  128  13:12  Marine x2  
  135  13:13  Marine  
  130  13:27  Marine  
  130  13:28  Marine  
  130  13:30  Marauder  
  130  13:31  Marauder  
  128  13:46  Orbital Command  
  122  14:17  Medivac x2  
  122  14:20  Orbital Command  
  126  14:35  Orbital Command  
  126  14:40  Marine x3  
  126  14:41  Marine x7  
  136  14:52  Marine  
  133  14:58  Marine x4  
  111  15:22  Marine  
  111  15:23  Marine x6  
  93  15:51  Ghost x3  
  93  15:56  SCV x2  
  93  15:57  SCV  
  102  16:09  SCV  
  102  16:10  SCV x2  
  103  16:14  Marine x2  
  105  16:20  Ghost  
  105  16:21  SCV  
  105  16:22  SCV x2  
  108  16:34  SCV x3  
  110  16:44  Marine  
  110  16:45  Marine x3  
  110  16:46  SCV x2  
  115  16:48  Marine  
  115  16:49  Marine x6  
  122  17:00  SCV  
  122  17:01  SCV  
  124  17:02  Marine  
  124  17:03  Marine x3  
  124  17:07  Marauder x2  
  121  17:14  Marine x2  
  109  17:19  Marine x3  
  109  17:20  Marine x4  
  103  17:28  Marine x2  
  105  17:31  Marine  
  105  17:32  Marine  
  105  17:34  SCV x2  
  105  17:35  SCV  
  105  17:36  Marine  
  110  17:37  Marine x2  
  110  17:38  Marine x4  
  116  17:46  Marine x2  
  116  17:49  Marine  
  116  17:50  Marine  
  120  17:54  Marine, Ghost  
  120  17:55  Marine  
  124  18:03  Ghost  
  100  18:25  Marine  
  100  18:26  Marine x9  
  97  18:28  Medivac x2  
  97  18:32  Marine  
  102  18:43  Marine  
  102  18:44  Marine x6  
  102  18:46  Marine, Ghost x2  
  113  18:50  Marauder  
  110  19:01  Marine  
  102  19:07  Orbital Command  
  102  19:11  Marine, Medivac x2  
  102  19:12  Marine x2, Marauder  
  107  19:25  Missile Turret  
  101  19:45  Marine  
  56  19:54  Orbital Command  
  56  19:57  Marine  
  56  19:58  Marine x9  
  54  20:03  Marine  
  41  20:15  Marine x3  
  41  20:16  Marine x7  
  41  20:21  Marine  
  40  20:23  Orbital Command  
Tags
 
Add a new tag
Caveats
  • Supply blocks, unpowered buildings, or Contaminate may cause inaccurate times.
  • Supply counts are checked every 10 seconds.